Match 46848361
Unlisted

Match 46848361
End
Kradschützen Motorcycle Team
Selects Italian Combined Arms Battlegroup
Selects Bersaglieri Squad
Bersaglieri Squad
Bersaglieri Squad
Bersaglieri Squad
Selects Bersaglieri Bolster
Construct Light Support Kompanie
Kradschützen Motorcycle Team
2.5-tonne Medical Truck
Assault Mechanized Group
Selects Breda Model 30 Light Machine Guns
Panzerjäger Squad
Construct Mechanized Kompanie
Panzerjäger Mechanized Group
Construct Panzerarmee Kommand
Selects Semovente da 75/18 Assault Gun
Selects Carro Armato M13/40 Light Tank
Armored Reserves
Vehicle Survival Package
Selects Pact of Steel
Panzer IV Assault Group
j-dude117
Nukepapa
0
0

Comments sign in to comment!

No comments posted yet!